 Dungeon Crawl Stone Soup version 0.16.2-12-gd0ad4c3 (webtiles) character file.

57213 faibistes the Thaumaturge (level 14, -3/80 HPs)
             Began as a Deep Elf Wizard on Apr 10, 2018.
             Was the Champion of Sif Muna.
             Slain by a fire dragon (14 damage)
             ... on level 8 of the Lair of Beasts.
             The game lasted 01:23:22 (29999 turns).

faibistes the Thaumaturge (Deep Elf Wizard)        Turns: 29999, Time: 01:23:23

Health: -3/80      AC: 11    Str:  4    XL:     14   Next: 44%
Magic:  29/47      EV: 17    Int: 33    God:    Sif Muna [******]
Gold:   956        SH:  0    Dex: 13    Spells: 12 memorised, 0 levels left

rFire  . . .     SeeInvis .     w - +4 dagger (venom)
rCold  . . .     Clarity  .     X - +1 robe
rNeg   . . .     SustAb   .     (no shield)
rPois  .         Gourm    .     b - +0 hat
rElec  .         Spirit   .     g - +2 cloak
rCorr  .         Warding  .     L - +2 pair of gloves
rMut   .         Stasis   .     r - +1 pair of boots
MR     +....                    (no amulet)
Stlth  ++........               m - +4 ring of intelligence
                                U - ring of magical power

@: about to teleport, repel missiles, somewhat resistant to hostile
enchantments, unstealthy
A: no striking features
a: Channel Energy, Forget Spell, Renounce Religion


You were on level 8 of the Lair of Beasts.
You worshipped Sif Muna.
Sif Muna was exalted by your worship.
You were not hungry.

You visited 3 branches of the dungeon, and saw 19 of its levels.

You collected 1218 gold pieces.
You spent 262 gold pieces at shops.

Inventory:

Hand weapons
 a - the +7 short sword of Okawaru's Whim {antimagic, MR+}
   (You found it on level 8 of the Lair of Beasts)

   It disrupts the flow of magical energy around spellcasters and certain
   magical creatures (including the wielder).
   It affects your resistance to hostile enchantments.
 f - a +0 club
 h - a +0 dagger
 w - a +4 dagger of venom (weapon)
 y - a +2 vampiric morningstar
 W - a +1 halberd of venom
Armour
 b - a +0 hat (worn)
 g - a +2 cloak (worn)
 r - a +1 pair of boots (worn)
 H - the +2 robe of the Armadillo {-Tele rPois MR+ Int+7}
   (You bought it in a shop on level 8 of the Dungeon)

   It affects your intelligence (+7).
   It protects you from poison.
   It affects your resistance to hostile enchantments.
   It prevents most forms of teleportation.
 L - a +2 pair of gloves (worn)
 X - a +1 robe (worn)
Jewellery
 j - a +1 ring of slaying
 m - a +4 ring of intelligence (right hand)
 M - an uncursed ring of teleport control
 R - a +3 ring of slaying
 U - a ring of magical power (left hand)
Magical devices
 c - a wand of enslavement (12)
 p - a wand of enslavement (6)
 B - a wand of polymorph (11)
 J - a wand of flame (21)
 N - a wand of cold (3)
 T - a wand of flame (27)
 V - a wand of draining (2)
Scrolls
 o - 9 scrolls of remove curse
 q - a scroll of fog
 u - a scroll of amnesia
 x - 5 scrolls of blinking
 G - 2 scrolls of immolation
 I - 4 scrolls of teleportation
 Y - 2 scrolls of identify
Potions
 e - a potion of resistance
 n - a potion of lignification
 s - 3 potions of agility
 t - 5 potions of brilliance
 z - 5 potions of might
 A - 2 potions of curing
 C - 2 potions of flight
 F - 4 potions of restore abilities
 K - a potion of invisibility
 Z - a potion of ambrosia {unknown}
Books
 D - a book of Power

   Spells                             Type                      Level
   a - Fulminant Prism                Conjuration/Hexes            4
   b - Iskenderun's Mystic Blast      Conjuration                  4
   c - Venom Bolt                     Conjuration/Poison           5
   d - Bolt of Magma                  Conjuration/Fire/Earth       5
   e - Iron Shot                      Conjuration/Earth            6
   f - Orb of Destruction             Conjuration                  7
   g - Spellforged Servitor           Conjuration/Summoning        7
 O - Iruomuh's Papyrus of Burning Conjuration
   (Sif Muna gifted it to you on level 4 of the Lair of Beasts)

   Spells                             Type                      Level
   a - Sting                          Conjuration/Poison           1
   b - Flame Tongue                   Conjuration/Fire             1
   c - Throw Flame                    Conjuration/Fire             2
   d - Fireball                       Conjuration/Fire             5
   e - Ignite Poison                  Fire/Transmutation           5
 P - an Akashic Record {highlevel}

   This book is beyond your current level of understanding.

   Spells                             Type                      Level
   a - Dispersal                      Translocation                6
   b - Controlled Blink               Translocation                7
   c - Malign Gateway                 Summoning/Translocation      7
   d - Disjunction                    Translocation                8
   e - Singularity                    Translocation                9
 Q - Sif Muna's Volume of the Entourage
   (Sif Muna gifted it to you on level 7 of the Lair of Beasts)

   Spells                             Type                      Level
   a - Summon Butterflies             Summoning                    1
   b - Summon Demon                   Summoning                    5
   c - Aura of Abjuration             Summoning                    6
   d - Haunt                          Necromancy/Summoning         7
 S - a book of Alchemy

   Spells                             Type                      Level
   a - Sublimation of Blood           Necromancy                   2
   b - Alistair's Intoxication        Transmutation/Poison         4
   c - Condensation Shield            Ice                          4
   d - Petrify                        Transmutation/Earth          4
   e - Ignite Poison                  Fire/Transmutation           5
   f - Irradiate                      Conjuration/Transmutation    5
Comestibles
 d - 9 bread rations
 i - 10 meat rations
 k - 5 chunks of flesh
 l - 4 beef jerkies
 E - 7 slices of pizza


   Skills:
 + Level 6.4 Fighting
 + Level 9.9 Dodging
 - Level 2.4 Stealth
 * Level 14.9 Spellcasting
 + Level 9.1 Conjurations
 + Level 9.1 Charms
   Level 4.2 Summonings
 + Level 7.1 Translocations
 - Level 3.1 Transmutations
 + Level 8.8 Fire Magic
 - Level 3.5 Air Magic
 * Level 6.7 Earth Magic
 - Level 2.7 Poison Magic
 * Level 10.0 Invocations
 + Level 7.5 Evocations


You couldn't memorise any spells.
You knew the following spells:

 Your Spells              Type           Power        Failure   Level  Hunger
a - Magic Dart            Conj           ####         1%          1    None
b - Conjure Flame         Conj/Fire      ######..     1%          3    None
c - Iron Shot             Conj/Erth      ######....   12%         6    ##.....
d - Blink                 Tloc           N/A          1%          2    None
e - Mephitic Cloud        Conj/Pois/Air  ######..     1%          3    None
f - Repel Missiles        Chrm/Air       ######       1%          2    None
g - Shroud of Golubria    Chrm/Tloc      ######....   1%          2    None
h - Passage of Golubria   Tloc           N/A          1%          4    None
i - Ignite Poison         Fire/Trmt      ######....   4%          5    None
v - Bolt of Magma         Conj/Fire/Erth ######....   1%          5    None
x - Iskenderun's Mystic   Conj           ######..     1%          4    None
z - Fireball              Conj/Fire      ######....   1%          5    None


Dungeon Overview and Level Annotations

Branches:
Dungeon (10/15)            Temple (1/1) D:6            Lair (8/8) D:9
 Shoals (0/5) Lair:5        Snake (0/5) Lair:3        Slime (0/6) Lair:7
    Orc (0/4) D:9

Altars:
Ashenzari
Cheibriados
Dithmenos
Elyvilon
Fedhas
Gozag
Kikubaaqudgha
Makhleb
Nemelex Xobeh
Okawaru
Qazlal
Ru
Sif Muna
Trog
Vehumet
Xom
Yredelemnul
Zin
The Shining One
Jiyva

Shops:
D:8 [

Annotations:
Lair:7 1 runed door


Message History

Press: ? - help, Shift-Dir - straight line, f/p - fire dragon
Aim: a fire dragon (moderately wounded)
The bolt of magma hits the fire dragon.
The fire dragon partially resists.
The fire dragon is heavily wounded.
The fire dragon breathes flames at you. The blast of flame hits you!
* * * LOW HITPOINT WARNING * * *
Casting: Bolt of Magma
Confirm with . or Enter, or press ? or * to list all spells.
Aiming: Bolt of Magma
Press: ? - help, Shift-Dir - straight line, f/p - fire dragon
Aim: a fire dragon (steam, heavily wounded, catching its breath)
The bolt of magma hits the fire dragon.
The fire dragon partially resists.
The fire dragon is heavily wounded.
Read which item? (? for menu, Esc to quit)
Okay, then.
Read which item? (? for menu, Esc to quit)
As you read the scroll of teleportation, it crumbles to dust.
You feel strangely unstable. The fire dragon bites you!
You die...

....#......≈≈♣♣.≈♣.♣P♣♣♣♣
.#.###.....♣≈≈≈≈≈≈≈≈..P.♣♣
.###
###...P.[≈♣≈≈≈.♣♣...♣♣♣ .#
#....♣♣♣♣♣♣≈≈≈♣..♣..♣♣ .#
##..#♣♣♣♣..♣♣≈÷÷P....♣♣ ##
#..#♣.....♣♣♣≈≈≈.≈...♣ #
#.##♣♣..♣♣♣.♣≈.≈≈≈≈≈.♣ ###
♣.♣....≈..♣♣♣≈≈P.♣
♣♣♣♣@.≈≈≈.♣♣ ≈≈.
♣...D≈≈≈P♣♣ ≈≈ ♣♣♣P§♣.≈♣♣♣
♣P§§§♣≈♣♣ ♣≈≈≈♣♣♣♣♣.♣t..
♣≈≈≈♣.P.≈≈D.≈≈
♣.≈≈.♣.≈≈≈≈≈≈≈
♣.P≈≈≈≈≈≈≈≈≈D
♣..♣≈≈≈≈≈≈≈≈≈


You could see a fire dragon.

Vanquished Creatures
  Rupert (Lair:8)
  Snorg (Lair:8)
  7 hydras
  Erica (Lair:7)
  13 death yaks
  Pikel (D:9)
  The ghost of faibistes the Thaumaturge, an experienced DEWz of Sif Muna (D:7)
  2 hill giants
  A manticore (Lair:5)
  5 griffons
  4 elephants (Lair:8)
  3 black mambas (Lair:8)
  22 spiny frogs
  13 komodo dragons
  5 fire drakes
  2 polar bears
  4 boulder beetles
  2 basilisks
  A wyvern (Lair:7)
  A deep elf mage (D:5)
  65 yaks
  A human (D:7)
  6 vampire mosquitoes
  A hungry ghost (D:7)
  11 hippogriffs
  3 steam dragons (Lair:8)
  An insubstantial wisp (Lair:6)
  2 wargs (D:9)
  A mottled dragon (Lair:8)
  11 porcupines
  3 wolves (Lair:5)
  14 water moccasins
  3 orc warriors
  3 black bears
  3 ice beasts
  2 sky beasts
  A phantom (D:7)
  4 ogres
  A boring beetle (Lair:6)
  23 crocodiles
  Sigmund (D:3)
  A big kobold (D:9)
  14 giant frogs
  3 centaurs
  8 killer bees
  A scorpion (D:7)
  2 goliath beetles (D:9)
  An electric eel (Lair:3)
  3 crimson imps
  2 giant frog zombies
  A gnoll shaman (D:6)
  A jelly (D:9)
  A centaur zombie (D:7)
  10 hounds
  4 orc priests
  16 iguanas
  A giant frog skeleton (D:7)
  6 orc wizards
  Natasha (thrice) (D:5)
  4 worker ants
  19 sheep
  A hound zombie (D:6)
  A worker ant zombie (D:7)
  A hound skeleton (D:4)
  17 adders
  9 gnolls
  38 river rats
  3 shadow imps
  3 white imps
  A worm (D:3)
  3 adder skeletons
  9 giant geckos
  An ooze (D:7)
  20 orcs
  A ball python (D:2)
  A bat skeleton (D:6)
  A bat zombie (D:5)
  6 giant cockroaches
  12 goblins
  17 hobgoblins
  9 jackals
  21 quokkas
  10 bats
  A giant gecko skeleton (D:7)
  4 giant newts
  A giant spore (D:8)
  18 kobolds
  A quokka skeleton (D:7)
  19 rats
  2 ballistomycetes (D:8)
  10 fungi
  3 plants
595 creatures vanquished.

Vanquished Creatures (collateral kills)
  A komodo dragon (Lair:1)
  A yak (Lair:1)
  A hippogriff (Lair:4)
  A porcupine (Lair:1)
  A water moccasin (Lair:4)
  A crimson imp (D:2)
  2 worker ants (D:4)
  3 adders
  A river rat (Lair:4)
  A giant mite (D:4)
  5 orcs
  2 jackals (D:2)
  A quokka (D:2)
  A kobold (D:2)
22 creatures vanquished.

Vanquished Creatures (others)
  A black mamba (Lair:4)
  A spiny frog (Lair:1)
  A water moccasin (Lair:1)
  3 slaves (D:9)
  A crimson imp (D:4)
  An iguana (Lair:1)
  3 gnolls (D:9)
  A white imp (D:4)
  A shadow imp (D:4)
  An adder zombie (D:9)
  A kobold (D:9)
  A quokka (Lair:1)
  78 fungi
  38 plants
132 creatures vanquished.

Grand Total: 749 creatures vanquished

Notes
Turn   | Place    | Note
--------------------------------------------------------------
     0 | D:1      | faibistes, the Deep Elf Wizard, began the quest for the Orb.
     0 | D:1      | Reached XP level 1. HP: 10/10 MP: 6/6
   474 | D:2      | Reached XP level 2. HP: 15/15 MP: 4/10
   489 | D:2      | Learned a level 2 spell: Blink
   492 | D:2      | Learned a level 2 spell: Call Imp
   573 | D:1      | You fall through a shaft!
   994 | D:2      | Reached skill level 5 in Spellcasting
  1177 | D:2      | Reached XP level 3. HP: 19/19 MP: 10/14
  1194 | D:2      | Learned a level 3 spell: Conjure Flame
  1198 | D:2      | Learned a level 3 spell: Mephitic Cloud
  1412 | D:3      | Noticed Sigmund
  1456 | D:3      | Killed Sigmund
  1456 | D:3      | Reached XP level 4. HP: 17/24 MP: 6/18
  1536 | D:3      | Learned a level 2 spell: Repel Missiles
  1576 | D:4      | Reached skill level 6 in Spellcasting
  1633 | D:4      | Reached XP level 5. HP: 24/28 MP: 13/20
  1699 | D:4      | Noticed an orc warrior
  1740 | D:4      | HP: 2/42 [orc priest/whip (2)]
  2056 | D:4      | Reached XP level 6. HP: 30/32 MP: 11/22
  2101 | D:4      | Killed an orc warrior
  2101 | D:4      | Reached skill level 7 in Spellcasting
  3164 | D:2      | Found a white marble altar of Elyvilon.
  4080 | D:4      | Reached skill level 1 in Fighting
  4128 | D:4      | Reached XP level 7. HP: 38/38 MP: 23/25
  4403 | D:5      | Entered Level 5 of the Dungeon
  4531 | D:4      | Reached skill level 5 in Dodging
  4614 | D:5      | Reached skill level 8 in Spellcasting
  4958 | D:5      | Noticed a deep elf mage
  4967 | D:5      | Killed a deep elf mage
  5069 | D:5      | Reached skill level 9 in Spellcasting
  5069 | D:5      | Reached XP level 8. HP: 45/45 MP: 18/28
  5205 | D:5      | Noticed Natasha
  5213 | D:5      | Killed Natasha
  5407 | D:5      | Noticed Natasha
  5423 | D:5      | Killed Natasha
  5550 | D:5      | Noticed Natasha
  5553 | D:5      | Killed Natasha
  5646 | D:6      | Found a staircase to the Ecumenical Temple.
  5658 | Temple   | Entered the Ecumenical Temple
  5756 | Temple   | Became a worshipper of Sif Muna the Loreminder
  6112 | D:6      | Noticed a hill giant
  6133 | D:6      | Killed a hill giant
  6133 | D:6      | Reached skill level 1 in Fire Magic
  6133 | D:6      | Reached skill level 1 in Air Magic
  6133 | D:6      | Reached skill level 1 in Poison Magic
  6135 | D:6      | Acquired Sif Muna's first power
  7316 | D:7      | Reached skill level 10 in Spellcasting
  7400 | D:7      | Reached XP level 9. HP: 44/51 MP: 15/30
  7600 | D:7      | Reached skill level 5 in Conjurations
  7766 | D:7      | Noticed faibistes' ghost (experienced DEWz)
  7808 | D:7      | Killed faibistes' ghost
  7808 | D:7      | Acquired Sif Muna's second power
  7951 | D:9      | Noticed Pikel
  8362 | D:7      | Reached skill level 1 in Charms
  8362 | D:7      | Reached skill level 1 in Invocations
  8362 | D:7      | Reached skill level 1 in Evocations
  9327 | D:8      | Reached XP level 10. HP: 53/56 MP: 25/32
  9408 | D:8      | Found Mnauxzeu's Antique Armour Emporium.
  9417 | D:8      | Bought an opalescent robe for 131 gold pieces
  9427 | D:8      | Identified the cursed -5 robe of Grace {Str+6} (You bought it in a shop on level 8 of the Dungeon)
  9456 | D:8      | Bought a heavily jewelled robe for 131 gold pieces
  9461 | D:8      | Identified the +2 robe of the Armadillo {-Tele rPois MR+ Int+7} (You bought it in a shop on level 8 of the Dungeon)
  9585 | D:8      | Reached skill level 11 in Spellcasting
 11029 | D:9      | Found a staircase to the Lair.
 11037 | D:9      | Found a staircase to the Orcish Mines.
 11070 | D:9      | Found a shadowy altar of Dithmenos.
 11264 | D:9      | Learned a level 2 spell: Shroud of Golubria
 11700 | D:10     | Entered Level 10 of the Dungeon
 11771 | D:9      | Acquired Sif Muna's third power
 12087 | D:10     | Noticed a hill giant
 12095 | D:10     | Killed a hill giant
 12095 | D:10     | Reached skill level 5 in Fire Magic
 12490 | D:9      | Killed Pikel
 12517 | D:9      | Reached XP level 11. HP: 37/62 MP: 13/33
 12649 | D:9      | Learned a level 4 spell: Passage of Golubria
 13319 | Lair:1   | Entered Level 1 of the Lair of Beasts
 13327 | Lair:1   | Learned a level 3 spell: Teleport Other
 13583 | Lair:1   | Reached skill level 5 in Invocations
 13904 | Lair:1   | Reached skill level 12 in Spellcasting
 14116 | Lair:1   | Reached skill level 5 in Charms
 14157 | Lair:1   | Noticed an eight-headed hydra
 14167 | Lair:1   | Killed an eight-headed hydra
 14426 | Lair:1   | HP: 3/62 [poisoned by a spiny frog]
 14429 | Lair:1   | HP: 1/62 [poisoned by a spiny frog]
 15819 | Lair:1   | Reached skill level 5 in Evocations
 16053 | Lair:3   | Found a staircase to the Snake Pit.
 16135 | Lair:2   | Reached skill level 5 in Fighting
 16181 | Lair:4   | Noticed a six-headed hydra
 16358 | Lair:2   | Reached skill level 5 in Translocations
 16813 | Lair:2   | Reached XP level 12. HP: 68/68 MP: 30/35
 17639 | Lair:4   | Noticed a death yak
 17639 | Lair:4   | Noticed a death yak
 17639 | Lair:4   | Noticed a death yak
 17639 | Lair:4   | Noticed a death yak
 19205 | Lair:4   | Learned a level 5 spell: Bolt of Magma
 19210 | Lair:4   | Learned a level 4 spell: Iskenderun's Mystic Blast
 19286 | Lair:4   | Reached skill level 13 in Spellcasting
 19604 | Lair:4   | Killed a death yak
 19604 | Lair:4   | Reached skill level 1 in Earth Magic
 19605 | Lair:4   | Killed a death yak
 19614 | Lair:4   | Killed a death yak
 19614 | Lair:4   | Received a gift from Sif Muna
 19619 | Lair:4   | Killed a death yak
 19620 | Lair:4   | Identified Iruomuh's Papyrus of Burning Conjuration (Sif Muna gifted it to you on level 4 of the Lair of Beasts)
 19630 | Lair:3   | Learned a level 5 spell: Ignite Poison
 19638 | Lair:3   | Learned a level 5 spell: Fireball
 20051 | Lair:4   | Reached skill level 1 in Transmutations
 20060 | Lair:4   | Noticed an eight-headed hydra
 20070 | Lair:4   | Killed an eight-headed hydra
 20310 | Lair:4   | Killed a six-headed hydra
 20776 | Lair:4   | Identified a scroll of acquirement
 21174 | Lair:5   | Reached XP level 13. HP: 74/74 MP: 14/36
 21292 | Lair:5   | Found a staircase to the Shoals.
 23610 | Lair:7   | Noticed Erica
 23616 | Lair:7   | Killed Erica
 23785 | Lair:8   | Entered Level 8 of the Lair of Beasts
 23916 | Lair:8   | Got a twisted short sword
 23923 | Lair:7   | Identified the +7 short sword of Okawaru's Whim {antimagic, MR+} (You found it on level 8 of the Lair of Beasts)
 24693 | Lair:6   | Reached skill level 14 in Spellcasting
 25260 | Lair:7   | Received a gift from Sif Muna
 25263 | Lair:7   | Identified Sif Muna's Volume of the Entourage (Sif Muna gifted it to you on level 7 of the Lair of Beasts)
 25548 | Lair:8   | Noticed Rupert
 26026 | Lair:8   | Reached skill level 5 in Earth Magic
 26394 | Lair:8   | Noticed Snorg
 26577 | Lair:8   | Killed Snorg
 27471 | Lair:7   | Reached XP level 14. HP: 80/80 MP: 19/38
 27994 | Lair:7   | Found a runed door.
 27994 | Lair:7   | Found a viscous altar of Jiyva.
 27994 | Lair:7   | Found a staircase to the Slime Pits.
 27994 | Lair:7   | Noticed an acid blob
 27994 | Lair:7   | Noticed an acid blob
 28526 | Lair:8   | Learned a level 6 spell: Iron Shot
 28864 | Lair:8   | Received a gift from Sif Muna
 29015 | Lair:8   | Killed Rupert
 29813 | Lair:8   | Reached skill level 10 in Invocations
 29999 | Lair:8   | Slain by a fire dragon

Action                   |  1- 3 |  4- 6 |  7- 9 | 10-12 | 13-15 || total
-------------------------+-------+-------+-------+-------+-------++-------
Melee: Club              |    17 |       |       |       |       ||    17
       Unarmed           |     2 |       |       |       |       ||     2
       Dagger            |     4 |    21 |    64 |   266 |   146 ||   501
 Cast: Magic Dart        |    57 |   134 |   373 |   436 |     4 ||  1004
       Call Imp          |    10 |    10 |     2 |     1 |       ||    23
       Conjure Flame     |     4 |     3 |    30 |   129 |    49 ||   215
       Mephitic Cloud    |     3 |    15 |    24 |    61 |     3 ||   106
       Repel Missiles    |       |     1 |       |       |       ||     1
       Blink             |       |       |     6 |    23 |    14 ||    43
       Shroud of Golubri |       |       |       |    23 |       ||    23
       Teleport Other    |       |       |       |     5 |       ||     5
       Fireball          |       |       |       |    21 |   163 ||   184
       Bolt of Magma     |       |       |       |     9 |    24 ||    33
       Ignite Poison     |       |       |       |     5 |    30 ||    35
       Passage of Golubr |       |       |       |     2 |       ||     2
       Iskenderun's Myst |       |       |       |       |    34 ||    34
Invok: Channel Energy    |       |       |       |     9 |    15 ||    24
Evoke: Wand              |       |       |       |     8 |       ||     8
  Use: Scroll            |       |     5 |     6 |    19 |     5 ||    35
       Potion            |       |     2 |     2 |     4 |       ||     8
 Stab: Confused          |       |     2 |     2 |    12 |       ||    16
       Sleeping          |       |       |       |     2 |     3 ||     5
  Eat: Chunk             |     2 |     8 |    16 |    29 |    20 ||    75
       Fruit             |       |       |       |     3 |       ||     3
       Beef jerky        |       |       |       |     2 |     6 ||     8
       Royal jelly       |       |       |       |     2 |       ||     2
